AoeStats
← HT229

Hideout

510268834Analyzed
1v1 RM · 18h ago on Sep 30, 2026· 36m 28s· 2 players
Game mode
Random Map
Map size
Tiny (2 player)
Population
200
Speed
Normal
Resources
Standard
Victory
Conquest
Starting age
Dark Age
Ending age
Imperial Age
RankedLock teamsTeams togetherTeam positionsShared explorationLock speedFull tech treeHidden civsTurbo modeCheats
Victory
Defeat
🇻🇳 Mongols · Vietnam
1915
+18
🇵🇰 Saxons · Pakistan
1950
-18
HT229
9:15 Feudal Age
12:59 Castle Age
11:01 Double-Bit Axe
14:46 Bow Saw
17:04 Loom
19:45 Fletching
24:28 Bodkin Arrow
27:06 Ballistics
36:18 Imperial Age
36:06 Gold Mining
37:04 Bracer
Decade
9:33 Feudal Age
10:26 Loom
13:26 Castle Age
19:01 Fletching
23:52 Scale Mail Armor
Connection lost

Rejoining the realm…

Still unreachable

The connection could not be restored.

Session expired

The server has moved on; the page needs a fresh start.